AoeStats
← | ArCas | Toruk Makto

QS Arena

503743143Analyzed
4v4 RM · 1mo ago on Sep 2, 2026· 18m 40s· 8 players
Game mode
Random Map
Map size
Large (8 player)
Population
200
Speed
Normal
Resources
Standard
Victory
Conquest
Starting age
Dark Age
Ending age
Imperial Age
RankedLock teamsTeams togetherTeam positionsShared explorationLock speedFull tech treeHidden civsTurbo modeCheats
Victory
Defeat
🇺🇸 Tupi · United States
1475
+15
🇺🇸 Khmer · United States
1464
+15
🇺🇸 Dravidians · United States
1450
+16
🇨🇳 Spanish · China
1434
+17
🇦🇷 Lithuanians · Argentina
1483
-17
1475
-17
🇦🇷 Italians · Argentina
1450
-16
🇦🇷 Malay · Argentina
1397
-13
Matter JV
8:10 Feudal Age
8:59 Double-Bit Axe
12:10 Castle Age
10:07 Double-Bit Axe
13:22 Bow Saw
12:54 Horse Collar
14:09 Heavy Plow
17:09 Wheelbarrow
18:22 Hand Cart
Alec
9:44 Feudal Age
12:48 Castle Age
10:56 Double-Bit Axe
10:52 Horse Collar
11:04 Gold Mining
14:14 Bow Saw
The Bloody-Nine
8:30 Feudal Age
12:13 Castle Age
10:03 Double-Bit Axe
11:03 Loom
11:05 Horse Collar
12:52 Fletching
13:48 Heavy Plow
16:10 Bodkin Arrow
我知道很简单
8:09 Feudal Age
12:01 Castle Age
10:14 Horse Collar
10:46 Double-Bit Axe
| ArCas | Toruk Makto
9:37 Feudal Age
13:33 Castle Age
12:03 Loom
12:06 Double-Bit Axe
12:04 Horse Collar
[MP] Lauchav
0:26 Loom
5:56 Loom
7:41 Feudal Age
12:11 Castle Age
11:42 Fletching
12:07 Double-Bit Axe
13:39 Bodkin Arrow
瓦兰吉程咬金三板斧
7:41 Feudal Age
11:31 Castle Age
9:53 Double-Bit Axe
10:02 Horse Collar
12:33 Bow Saw
|MP| patrick
7:35 Feudal Age
11:42 Castle Age
11:52 Double-Bit Axe
11:48 Horse Collar
13:34 Bow Saw
18:29 Bloodlines
Connection lost

Rejoining the realm…

Still unreachable

The connection could not be restored.

Session expired

The server has moved on; the page needs a fresh start.